 Dungeon Crawl Stone Soup version 0.19-a0-1019-g9c6a58d (webtiles) character file.

1990 epen the Spear-Bearer (level 9, -1/69 HPs)
             Began as a Merfolk Chaos Knight on July 25, 2016.
             Slain by an unseen horror (2 damage)
             ... on level 10 of the Dungeon.
             The game lasted 00:15:56 (5983 turns).

epen the Spear-Bearer (Merfolk Chaos Knight)        Turns: 5983, Time: 00:15:57

Health: -1/69      AC: 14    Str: 16    XL:     9   Next: 21%
Magic:  9/9        EV:  9    Int: 11    God:    Xom [*.....]
Gold:   247        SH:  0    Dex: 13    Spells: 0 memorised, 8 levels left

rFire  + . .     SeeInvis .     i - +3 spear (pierce)
rCold  + . .     Gourm    .     L - +0 chain mail
rNeg   . . .     Faith    .     (no shield)
rPois  +         Spirit   .     (no helmet)
rElec  +         Dismiss  .     G - +1 cloak
rCorr  +         Reflect  .     r - +0 pair of gloves
SustAt .         Harm     .     n - +0 pair of boots
MR     .....                    (no amulet)
Stlth  ..........               (no ring)
                                (no ring)

@: resistant, very slightly contaminated, hasted, invisible, very quick, not
resistant to hostile enchantments, extremely unstealthy
A: change form in water, swift swim
a: Renounce Religion


You were on level 10 of the Dungeon.
You worshipped Xom.
You were a special plaything of Xom.
You were hungry.

You visited 1 branch of the dungeon, and saw 8 of its levels.

You collected 247 gold pieces.

Inventory:

Hand Weapons
 a - a +0 spear of chaos
 i - a +3 spear of piercing (weapon)
 H - a +2 quarterstaff of chaos
Armour
 b - a +2 leather armour
 e - a +0 ring mail
 n - a +0 pair of boots (worn)
 r - a +0 pair of gloves (worn)
 G - a +1 cloak (worn)
 L - a +0 chain mail (worn)
Wands
 f - a wand of random effects (29/48)
 A - a wand of acid (7/15)
 J - a wand of slowing (29/48)
Scrolls
 h - a scroll of amnesia
 q - 2 scrolls of fog
 u - a scroll of magic mapping
Potions
 j - a potion of might
 o - 2 potions of brilliance
 p - a potion of berserk rage {unknown}
 w - a potion of cancellation {unknown}
 B - a potion of cure mutation {unknown}
 D - a potion of magic
 M - a potion of ambrosia
Comestibles
 c - 7 bread rations
 g - 4 chunks of flesh
 k - 5 meat rations
 m - a royal jelly
 v - a beef jerky
 z - a slice of pizza


   Skills:
 + Level 6.2 Fighting
 * Level 10.7 Polearms
 * Level 5.1 Armour
 + Level 6.6 Dodging


You had 8 spell levels left.
You didn't know any spells.

Dungeon Overview and Level Annotations

Branches:
Dungeon (7/15)             Temple (0/1) D:6            Lair (0/6) D:10
    Orc (0/2) D:10

Altars:
Ashenzari
Fedhas
Qazlal
Sif Muna
Vehumet
Xom


Message History

Something hits you but does no damage. The bat hits you but does no damage. x2
The orc wizard points at the bat and mumbles some strange words.
The puff of flame hits the bat.
The bat dies!
The hill giant barely misses you. The bat misses you. Something hits you!
* * * LOW HITPOINT WARNING * * *
The rat closely misses you.
Things that are here:
a dagger; a chain mail; a rat corpse Unknown command.
Your chain mail prevents you from hitting the rat.
The bat hits you but does no damage. Something hits you but does no damage.
The hill giant closely misses you. The orc hits you but does no damage.
You catch the helpless rat completely off-guard!
You hit the rat.
You kill the rat!
The bat hits you but does no damage. Something hits you.
You die...
Xom snickers!

###......#
#.......##
#.......#
#.)o....#
###...y.#
#...Jy#
#..tyo#
*****
#...)b#
*,,,
#..OC@#
*,> *
#...o.#
*,,,
#.....# **
** #(....#
*8 8
#.....#
,*,****
#.....#
*,, ,*
#$....# ,
, ***
#.....# ,
,,,,,
#.r...#


You could see a hill giant, a crocodile, an ogre, a jelly, 3 killer bees, an orc
priest (confused), an orc wizard, an orc and a bat.

Vanquished Creatures
  3 ice beasts
  2 phantoms
  An ogre (D:7)
  A centaur (D:4)
  A giant frog (D:7)
  2 scorpions
  3 crimson imps
  A jelly (D:6)
  A centaur skeleton (D:7)
  2 hounds
  3 orc wizards (D:6)
  2 orc priests
  Crazy Yiuf (D:5)
  Natasha (D:4)
  3 iguanas (D:5)
  10 worker ants
  A hound skeleton (D:4)
  12 adders
  An adder skeleton (D:5)
  4 worms
  3 dart slugs
  3 giant geckos
  20 orcs
  3 ball pythons
  6 giant cockroaches
  5 goblins
  9 hobgoblins
  15 jackals
  2 quokkas
  3 bats
  A giant gecko skeleton (D:7)
  2 giant newts
  A jackal zombie (D:7)
  9 kobolds
  A quokka skeleton (D:4)
  A quokka zombie (D:6)
  9 rats
148 creatures vanquished.

Vanquished Creatures (collateral kills)
  A phantom (D:5)
  An ogre (D:4)
  An adder (D:5)
  A giant gecko (D:4)
  An orc (D:6)
5 creatures vanquished.

Vanquished Creatures (others)
  The ghost of Conn321 the Sneak, a novice OpWr (D:4)
  A centaur (D:5)
  An orc wizard (D:6)
  An orc (D:5)
  2 bats
6 creatures vanquished.

Grand Total: 159 creatures vanquished

Notes
Turn   | Place    | Note
-------+----------+-------------------------------------------
     0 | D:1      | epen the Merfolk Chaos Knight began the quest for the Orb.
     0 | D:1      | Reached XP level 1. HP: 18/18 MP: 1/1
    91 | D:1      | Reached XP level 2. HP: 24/24 MP: 2/2
   108 | D:1      | Reached skill level 1 in Armour
   408 | D:1      | XOM: harmless Chrm miscast
   553 | D:1      | Reached XP level 3. HP: 29/29 MP: 3/3
   777 | D:1      | XOM: potion effect (might)
   781 | D:1      | Reached skill level 5 in Polearms
   862 | D:2      | XOM: divination: detect items
   909 | D:2      | Found a faded altar of an unknown god.
   960 | D:2      | Reached XP level 4. HP: 33/36 MP: 4/4
  1451 | D:2      | Found a blossoming altar of Fedhas.
  1813 | D:3      | Reached XP level 5. HP: 34/42 MP: 5/5
  1981 | D:4      | XOM: silly message
  1998 | D:4      | XOM is BORED!
  1998 | D:4      | XOM: harmless Ice miscast
  2003 | D:4      | Noticed Natasha
  2018 | D:4      | Killed Natasha
  2018 | D:4      | Reached skill level 6 in Polearms
  2126 | D:4      | XOM: silly message
  2188 | D:4      | Noticed Conn321's ghost (novice OpWr)
  2197 | D:4      | XOM: divination: detect creatures
  2200 | D:4      | XOM: summons friendly crimson imp
  2204 | D:4      | XOM: polymorph crimson imp -> iron imp
  2208 | D:4      | XOM: cleaving
  2216 | D:4      | XOM: divination: detect creatures
  2236 | D:4      | XOM: confuse monster(s)
  2240 | D:4      | XOM: fog
  2241 | D:4      | XOM: cleaving
  2248 | D:4      | Killed Conn321's ghost
  2248 | D:4      | Reached XP level 6. HP: 31/48 MP: 6/6
  2248 | D:4      | XOM: divine lightning (protected)
  2367 | D:4      | Found a shattered altar of Ashenzari.
  2369 | D:4      | Found a radiant altar of Vehumet.
  2369 | D:4      | Found a deep blue altar of Sif Muna.
  2391 | D:4      | XOM: destruction
  2426 | D:4      | Noticed a phantom
  2441 | D:4      | Killed a phantom
  2441 | D:4      | Reached skill level 7 in Polearms
  2541 | D:4      | Reached XP level 7. HP: 47/55 MP: 7/7
  2609 | D:4      | XOM: summons friendly ufetubus
  2619 | D:4      | XOM: polymorph hound -> adder
  2677 | D:4      | XOM: fog
  2704 | D:4      | XOM: god gift: meat ration
  2791 | D:4      | Noticed a water elemental
  2792 | D:4      | Found a stormy altar of Qazlal.
  2795 | D:4      | Noticed a fire elemental
  2795 | D:4      | Noticed an air elemental
  2833 | D:4      | XOM: fake destruction
  3014 | D:4      | Reached skill level 8 in Polearms
  3075 | D:4      | XOM is BORED!
  3075 | D:4      | XOM: medium Summ miscast
  3076 | D:4      | Noticed a red devil
  3144 | D:4      | XOM: god gift: scroll labeled GEINEI EWA GEIGEA {god gift}
  3272 | D:4      | XOM: scenery: create altars
  3441 | D:4      | XOM: god gift: brass wand {god gift}
  3452 | D:5      | Entered Level 5 of the Dungeon
  3472 | D:5      | Reached skill level 5 in Dodging
  3565 | D:5      | XOM: summons friendly iron imp
  3584 | D:5      | Reached skill level 5 in Fighting
  3629 | D:5      | Found a runed door.
  3715 | D:5      | Noticed Crazy Yiuf
  3726 | D:5      | Killed Crazy Yiuf
  3827 | D:5      | Reached XP level 8. HP: 55/62 MP: 8/8
  3829 | D:5      | XOM: god gift: 15 sling bullets
  3887 | D:5      | XOM: snakes to sticks
  3986 | D:5      | XOM: scenery: create altars
  3998 | D:5      | XOM: 6-stop teleportation journey
  4073 | D:5      | XOM: summons 3 friendly demons
  4114 | D:5      | XOM: destruction
  4126 | D:5      | Reached skill level 9 in Polearms
  4510 | D:5      | XOM: enchant monster (good)
  4774 | D:6      | Found a staircase to the Ecumenical Temple.
  4791 | D:6      | XOM: enchant monster (good)
  4970 | D:6      | XOM: medium Summ miscast
  5139 | D:6      | XOM: 3-stop teleportation journey
  5144 | D:6      | XOM: cast spell 'Dragon Form'
  5186 | D:6      | Reached skill level 10 in Polearms
  5270 | D:6      | Reached XP level 9. HP: 60/69 MP: 9/9
  5696 | D:7      | XOM: swap monsters
  5795 | D:7      | Reached skill level 5 in Armour
  5939 | D:7      | You fall through a shaft for 3 floors!
  5939 | D:10     | Entered Level 10 of the Dungeon
  5939 | D:10     | Noticed a hill giant
  5950 | D:10     | XOM: enchant monster (bad)
  5953 | D:10     | XOM: divination: magic mapping
  5968 | D:10     | XOM: swap monsters
  5981 | D:10     | HP: 1/69 [something (7)]
  5983 | D:10     | Slain by an unseen horror

Vault maps used:
D:1:      saegor_arrival_simple_b
D:2:      ecumenical_altar_2, fedhas_altar_4
D:3:      first_bread
D:4:      nicolae_qazlal_style_of_elements, grunt_temple_overflow_diamond,
          feat_on_display, uniq_natasha
D:5:      uniq_crazy_yiuf_cottage
D:7:      minmay_crystal_room
D:10:     grunt_lair_entry_orc_guard_hut, hiddenorc1_lemuel, serial_shops, shop

Skill      XL: |  1  2  3  4  5  6  7  8  9 |
---------------+----------------------------+-----
Armour         | 1 2 3 4 5 |  5.1
Dodging        | 3 4 5 6 |  6.6
Polearms       | 5 6 7 8 10 | 10.7
Fighting       | 4 5 6 |  6.2

Action                   |  1- 3 |  4- 6 |  7- 9 || total
-------------------------+-------+-------+-------++-------
Melee: Spear             |    84 |   148 |   419 ||   651
       Unarmed           |       |       |     7 ||     7
       Bite              |       |       |     1 ||     1
 Abil: Breathe Fire      |       |       |     2 ||     2
  Use: Scroll            |       |       |    20 ||    20
       Potion            |       |       |     5 ||     5
 Stab: Sleeping          |     1 |       |     1 ||     2
       Invisible         |       |       |     1 ||     1
  Eat: Chunk             |       |     5 |    10 ||    15
       Pizza             |       |       |     1 ||     1
Armor: Leather armour    |    16 |    20 |    11 ||    47
       Ring mail         |       |       |    45 ||    45
       Skin              |       |       |     4 ||     4
       Chain mail        |       |       |    75 ||    75
Dodge: Dodged            |    26 |    50 |   134 ||   210
